 Seeded DCSS version 0.31-a0-229-g1fc7ce93e2 (webtiles) character file.

Game seed: 13275427502194390118 (custom seed)

21 rocky1 the Chiller (level 2, -6/20 HPs)
             Began as a Draconian Ice Elementalist on July 7, 2023.
             Killed by nerve-wracking pain
             ... invoked by Jessica
              (8 damage)
             ... on level 2 of the Dungeon.
             The game lasted 00:02:57 (882 turns).

rocky1 the Chiller (Draconian Ice Elementalist)      Turns: 882, Time: 00:02:59

Health: -6/20      AC:  4    Str: 16    XL:     2   Next: 62%
Magic:  0/5        EV: 12    Int: 15    God:
Gold:   13         SH:  0    Dex: 11    Spells: 4/5 levels left

rFire   . . .        e - +0 mace
rCold   . . .        (no shield)
rNeg    . . .        (body armour unavailable)
rPois   .            (helmet restricted)
rElec   .            (no cloak)
rCorr   .            (no gloves)
SInv    .            (no boots)
Will    .....        (no amulet)
Stlth   ++           b - +6 ring of strength
HPRegen 0.23/turn    (no ring)
MPRegen 0.09/turn

%: no passive effects
@: no status effects
A: AC +4, unfitting armour, cold-blooded
a: no special abilities


You were on level 2 of the Dungeon.
You visited 1 branch of the dungeon, and saw 2 of its levels.

You collected 13 gold pieces.

Inventory:

Hand Weapons
 e - a +0 mace (weapon)
Missiles
 d - 4 javelins
Jewellery
 b - a +6 ring of strength (left hand)
Scrolls
 c - a scroll of teleportation {unknown}
 f - a scroll of silence {unknown}
 g - a scroll of summoning {unknown}
Potions
 a - a potion of magic


   Skills:
 * Level 0.1 Fighting
 * Level 0.5 Long Blades
 + Level 1.7 Dodging
 + Level 1.7 Stealth
 + Level 2.1 Spellcasting
 * Level 4.6 Ice Magic


You had 4 spell levels left.
You knew the following spells:

 Your Spells              Type           Power      Damage    Failure   Level
a - Freeze                Ice            60%        1d7       3%          1

Your spell library contained the following spells:

 Spells                   Type           Power      Damage    Failure   Level
 Frozen Ramparts          Ice            30%        1d5       10%         3
 Ozocubu's Armour         Ice            15%        N/A       10%         3
 Summon Ice Beast         Ice/Summ       8%         N/A       65%         4
 Metabolic Englaciation   Hex/Ice        4%         N/A       94%         5
 Simulacrum               Ice/Necr       4%         N/A       100%        6


Dungeon Overview and Level Annotations

Branches:
Dungeon (2/15)

Altars:

Shops:
D:1 :==[

Annotations:
D:2 Jessica


Innate Abilities, Weirdness & Mutations

Your plain brown scales are hard. (AC +4)
You cannot fit into any form of body armour.
You are cold-blooded and may be slowed by cold attacks.


Message History

Jessica blinks!
Jessica hits you with a +0 club.
Jessica mumbles some strange words.
Jessica blinks!
You are too injured to fight recklessly!
You feel yourself speed up. Jessica hits you but does no damage.
You closely miss Jessica.
Your tail-slap misses Jessica.
Jessica is severely wounded.
Jessica casts a spell.
Jessica blinks!
Found a stone staircase leading down.
Jessica closely misses you.
Jessica gestures wildly while chanting.
Jessica blinks!
Jessica casts a spell.
Jessica blinks!
Jessica gestures wildly while chanting.
Jessica blinks!
There is a stone staircase leading up here.
Aiming: Freeze (safe; 3% risk of failure)
Press: ? - help, Q - select action, (/) - cycle Shift-Dir - straight line, f/p - Jessica
Aim: Jessica, wielding a +0 club and wearing a +0 robe of resistance (heavily wounded, fast)
You freeze Jessica.
Jessica resists.
Jessica is almost dead.
Jessica closely misses you.
Aiming: Freeze (safe; 3% risk of failure)
Press: ? - help, Q - select action, (/) - cycle Shift-Dir - straight line, f/p - Jessica
Aim: Jessica, wielding a +0 club and wearing a +0 robe of resistance (almost dead, fast)
You freeze Jessica.
Jessica resists.
Jessica is almost dead.
Jessica hits you with a +0 club. x2
* * * LOW HITPOINT WARNING * * *
Unknown command.
You barely miss Jessica.
Jessica is almost dead.
Jessica shouts, "You're disturbing me!
I'll have to kill you!" Jessica closely misses you.
Jessica casts a spell at you. Pain shoots through your body!
You die...

#.......†.<..###.
#................
#..............##
#............#...
######...#......# ##
##.......)..#........
##.......#####....(...
#?....................
#...@@.....###........
#..........# #........
#.........$# #........
#.............###.##.#
##<......####.
#.........#
#.........#
#.........#
#.........#


You could see Jessica (fast).

Vanquished Creatures
  A dart slug (D:2)
  3 bats (D:1)
  2 giant cockroaches
  2 goblins (D:1)
  3 kobolds
  2 quokkas
  A ball python (D:1)
  A frilled lizard (D:2)
  A rat (D:1)
16 creatures vanquished.

Notes
Turn   | Place    | Note
-------+----------+-------------------------------------------
     0 | D:1      | rocky1 the Draconian Ice Elementalist began the quest for
                  | the Orb.
     0 | D:1      | Reached XP level 1. HP: 14/14 MP: 3/3
    10 | D:1      | Found Onlezats's Jewellery Emporium.
   348 | D:1      | Found Zyuqykanwy's Book Shop.
   469 | D:1      | Found Obocek's Jewellery Boutique.
   506 | D:1      | Reached XP level 2. HP: 20/20 MP: 1/5
   513 | D:1      | Found Saufiugh's Armour Emporium.
   827 | D:2      | Noticed Jessica
   882 | D:2      | Killed from afar by Jessica

Illustrated notes

Levels and vault maps discovered:
D:1:      erik_arrival_blinker_ship, layout_loops_ring, serial_shops, shop,
          shop, shop, nicolae_shop_rolling_square
D:2:      layout_rooms, ebering_ecumenical_altar_hall, basic_altar,
          uniq_natasha, uniq_jessica

Action                     || total
---------------------------++-------
  Melee: Mace              ||    15
         Tailslap          ||     2
         Unarmed           ||     1
   Cast: Freeze            ||    27
 Armour: Skin              ||    10
  Dodge: Dodged            ||    34

Table legend: (Time is in decaauts)
 A = Elapsed time spent in this place.
 B = Non-inter-level travel time spent in this place.
 C = Inter-level travel time spent in this place.
 D = Time resting spent in this place.
 E = Time spent auto-exploring this place.
 F = Levels seen in this place.
 G = Mean time per level.
                   A        B        C        D        E       F      G
               +--------+--------+--------+--------+--------+-----+--------+
         Total |    892 |    858 |     34 |    163 |    515 |   2 |  446.0 |
       Dungeon |    892 |    858 |     34 |    163 |    515 |   2 |  446.0 |
               +--------+--------+--------+--------+--------+-----+--------+

Top non-repeatable levels by time:
     D:1: 762 daAuts
     D:2: 129 daAuts
